ITL
TOPEKA TORNADOS @ RICHMOND FLAIRS
07/09/2026
 
TOP OF THE 1ST
Topeka Tornados batting - Pitching for Richmond Flairs : RHP Nariaki Tanaka
Pitching: RHP Nariaki Tanaka
Batting: RHB José Pinto 0-0: Ball
1-0: Called Strike
1-1: Swinging Strike
1-2: Reached on error, E5 (Groundball, 56S)
Batting: LHB Morgan Wright 0-0: Ball
1-0: Called Strike
1-1: Foul Ball, location: 2F
1-2: Ball
2-2: Foul Ball, location: 2F
2-2: Fly out, F5 (Popup, 5SF)
Batting: RHB Alberto Campos 0-0: Ball
1-0: Called Strike
1-1: Foul Ball, location: 2F
1-2: Foul Ball, location: 2F
1-2: Ground out 1-3 (Groundball, 4M)
José Pinto to second
Batting: LHB Ryan Drake 0-0: Swinging Strike
0-1: DOUBLE (Line Drive, 9LM)
José Pinto scores
Batting: LHB Yoshiaki Ohayashi 0-0: Fly out, F6 (Popup, 56D)
Top of the 1st over - 1 run(s), 1 hit(s), 1 error(s), 1 left on base; Topeka 1 - Richmond 0
BOTTOM OF THE 1ST
Richmond Flairs batting - Pitching for Topeka Tornados : LHP Anthony Erickson
Pitching: LHP Anthony Erickson
Batting: RHB Javier Rentería 0-0: Foul Ball, location: 2F
0-1: Ground out 6-3 (Groundball, 6M)
Batting: RHB Jack Ray 0-0: Ball
1-0: Foul Ball, location: 2F
1-1: Ball
2-1: Ball
3-1: Ground out 4-3 (Groundball, 34)
Batting: RHB R.J. Crosby 0-0: Foul Ball, location: 2F
0-1: Foul Ball, location: 2F
0-2: Ball
1-2: Ground out 1-3 (Groundball, 15)
Bottom of the 1st over - 0 run(s), 0 hit(s), 0 error(s), 0 left on base; Topeka 1 - Richmond 0
TOP OF THE 2ND
Topeka Tornados batting - Pitching for Richmond Flairs : RHP Nariaki Tanaka
Batting: RHB Bob Hall 0-0: Ball
1-0: Called Strike
1-1: Foul Ball, location: 2F
1-2: Ball
2-2: Foul Ball, location: 2F
2-2: Strikes out looking
Batting: RHB Don Thomas 0-0: Foul Ball, location: 2F
0-1: Ball
1-1: Called Strike
1-2: Strikes out swinging
Batting: RHB Gabriel Santana 0-0: Ball
1-0: Called Strike
1-1: Ball
2-1: Foul Ball, location: 2F
2-2: Strikes out swinging
Top of the 2nd over - 0 run(s), 0 hit(s), 0 error(s), 0 left on base; Topeka 1 - Richmond 0
BOTTOM OF THE 2ND
Richmond Flairs batting - Pitching for Topeka Tornados : LHP Anthony Erickson
Batting: LHB Frank Geddes 0-0: Called Strike
0-1: Swinging Strike
0-2: Ball
1-2: Ball
2-2: Foul Ball, location: 2F
2-2: Ball
3-2: Strikes out swinging
Batting: RHB Elliott Johnston 0-0: Fly out, F5 (Popup, 5F)
Batting: LHB Sean Nicks 0-0: Ball
1-0: Fly out, F8 (Flyball, 8RM)
Bottom of the 2nd over - 0 run(s), 0 hit(s), 0 error(s), 0 left on base; Topeka 1 - Richmond 0
TOP OF THE 3RD
Topeka Tornados batting - Pitching for Richmond Flairs : RHP Nariaki Tanaka
Batting: SHB Martín Medina 0-0: Ball
1-0: Ball
2-0: Foul Ball, location: 2F
2-1: Ball
3-1: Base on Balls
Batting: RHB José Pinto 0-0: Ball
1-0: Ball
Throwing error on steal attempt, E2
Martín Medina to third
2-0: Called Strike
2-1: Foul Ball, location: 2F
2-2: Ball
3-2: Foul Ball, location: 2F
3-2: SINGLE (Line Drive, 3)
Martín Medina scores
Batting: LHB Morgan Wright 0-0: Ball
1-0: Foul Ball, location: 2F
1-1: Foul Ball, location: 2F
1-2: Foul Ball, location: 2F
1-2: Strikes out swinging
Batting: RHB Alberto Campos 0-0: Called Strike
0-1: Foul Ball, location: 2F
0-2: Ball
1-2: Strikes out swinging
Batting: LHB Ryan Drake 0-0: SINGLE (Groundball, 34D)
José Pinto to second
Runner from 2nd tries for 3rd, SAFE, throw made to third
Batting: LHB Yoshiaki Ohayashi 0-0: Ball
1-0: Called Strike
1-1: Ball
2-1: Foul Ball, location: 2F
2-2: Strikes out swinging
Top of the 3rd over - 1 run(s), 2 hit(s), 1 error(s), 2 left on base; Topeka 2 - Richmond 0
BOTTOM OF THE 3RD
Richmond Flairs batting - Pitching for Topeka Tornados : LHP Anthony Erickson
Batting: RHB Tom Carey 0-0: Ball
1-0: Foul Ball, location: 2F
1-1: Ball
2-1: Foul Ball, location: 2F
2-2: Foul Ball, location: 2F
2-2: Ground out 4-3 (Groundball, 4)
Batting: LHB Luis Villa 0-0: Ball
1-0: Called Strike
1-1: Ball
2-1: Fly out, F7 (Flyball, 78XD)
Batting: SHB Carlos Reyes 0-0: Fly out, F7 (Flyball, 7LD)
Bottom of the 3rd over - 0 run(s), 0 hit(s), 0 error(s), 0 left on base; Topeka 2 - Richmond 0
TOP OF THE 4TH
Topeka Tornados batting - Pitching for Richmond Flairs : RHP Nariaki Tanaka
Batting: RHB Bob Hall 0-0: Ball
1-0: Reached on error, E4 (Groundball, 4)
Batting: RHB Don Thomas 0-0: Foul Ball, location: 2F
0-1: DOUBLE (Line Drive, 7LM)
Bob Hall scores
Batting: RHB Gabriel Santana 0-0: SINGLE (Groundball, 34D) (infield hit)
Don Thomas to third
Batting: SHB Martín Medina 0-0: Called Strike
0-1: Ball
1-1: Foul Ball, location: 2F
1-2: Foul Ball, location: 2F
1-2: Fly out, F6 (Popup, 6D)
Batting: RHB José Pinto 0-0: Called Strike
0-1: Ball
1-1: Fly out, F4 (Line Drive, 4M)
Batting: LHB Morgan Wright 0-0: Foul Ball, location: 2F
0-1: Fly out, F7 (Flyball, 78M)
Top of the 4th over - 1 run(s), 2 hit(s), 1 error(s), 2 left on base; Topeka 3 - Richmond 0
BOTTOM OF THE 4TH
Richmond Flairs batting - Pitching for Topeka Tornados : LHP Anthony Erickson
Batting: RHB Javier Rentería 0-0: Swinging Strike
0-1: SINGLE (Groundball, 6MD) (infield hit)
Batting: RHB Jack Ray 0-0: Ball
1-0: Ball
2-0: Ball
3-0: Called Strike
3-1: Base on Balls
Javier Rentería to second
Batting: RHB R.J. Crosby 0-0: Grounds into double play, 5-4-3 (Groundball, 5)
Javier Rentería to third
Batting: LHB Frank Geddes 0-0: Swinging Strike
0-1: Called Strike
0-2: Ball
1-2: Fly out, F5 (Popup, 5F)
Bottom of the 4th over - 0 run(s), 1 hit(s), 0 error(s), 1 left on base; Topeka 3 - Richmond 0
TOP OF THE 5TH
Topeka Tornados batting - Pitching for Richmond Flairs : RHP Nariaki Tanaka
Batting: RHB Alberto Campos 0-0: Ball
1-0: Called Strike
1-1: DOUBLE (Line Drive, 7LM)
Batting: LHB Ryan Drake 0-0: SINGLE (Flyball, 9S)
Alberto Campos to third
Batting: LHB Yoshiaki Ohayashi 0-0: Ball
1-0: SINGLE (Groundball, 34)
Alberto Campos scores
Ryan Drake to second
Runner from 2nd tries for 3rd, SAFE, throw made to third
Batting: RHB Bob Hall 0-0: Ball
1-0: Foul Ball, location: 2F
1-1: Foul Ball, location: 2F
1-2: Ball
2-2: Strikes out swinging
Batting: RHB Don Thomas 0-0: 3-RUN HOME RUN (Flyball, 8LXD), Distance : 413 ft
Pitching: RHP Sandro Gonzáles
Batting: RHB Gabriel Santana 0-0: Called Strike
0-1: Called Strike
0-2: Ball
1-2: Ball
2-2: Ball
3-2: Base on Balls
Batting: SHB Martín Medina 0-0: Called Strike
0-1: Called Strike
0-2: SINGLE (Flyball, 7S)
Gabriel Santana to second
Batting: RHB José Pinto 0-0: Ball
1-0: Ground out 5-3 (Groundball, 5S)
Gabriel Santana to third
Martín Medina to second
Batting: LHB Morgan Wright 0-0: Foul Ball, location: 2F
0-1: Ball
1-1: Called Strike
1-2: Ball
2-2: Ball
3-2: Foul Ball, location: 2F
3-2: Foul Ball, location: 2F
3-2: Base on Balls
Batting: RHB Alberto Campos 0-0: Fly out, F9 (Line Drive, 9S)
Top of the 5th over - 4 run(s), 5 hit(s), 0 error(s), 3 left on base; Topeka 7 - Richmond 0
BOTTOM OF THE 5TH
Richmond Flairs batting - Pitching for Topeka Tornados : LHP Anthony Erickson
Batting: RHB Elliott Johnston 0-0: Ball
1-0: Ball
2-0: Ball
3-0: Called Strike
3-1: Base on Balls
Batting: LHB Sean Nicks 0-0: Ball
1-0: Ball
2-0: 2-RUN HOME RUN (Flyball, 8RXD), Distance : 424 ft
Batting: RHB Tom Carey 0-0: Called Strike
0-1: Ball
1-1: Foul Ball, location: 2F
1-2: Strikes out looking
Batting: LHB Luis Villa 0-0: Ball
1-0: Called Strike
1-1: Foul Ball, location: 2F
1-2: Ball
2-2: Strikes out swinging
Batting: SHB Carlos Reyes 0-0: Ground out 6-3 (Groundball, 6M)
Bottom of the 5th over - 2 run(s), 1 hit(s), 0 error(s), 0 left on base; Topeka 7 - Richmond 2
TOP OF THE 6TH
Topeka Tornados batting - Pitching for Richmond Flairs : RHP Sandro Gonzáles
Batting: LHB Ryan Drake 0-0: Ball
1-0: Called Strike
1-1: DOUBLE (Popup, 5D)
Batting: LHB Yoshiaki Ohayashi 0-0: Ball
1-0: Ground out 6-3 (Groundball, 6)
Batting: RHB Bob Hall 0-0: Ball
1-0: Swinging Strike
1-1: Ball
2-1: Ball
3-1: Base on Balls
Batting: RHB Don Thomas 0-0: Ball
1-0: Swinging Strike
1-1: Called Strike
1-2: Foul Ball, location: 2F
1-2: Strikes out looking
Batting: RHB Gabriel Santana 0-0: Swinging Strike
0-1: SINGLE (Flyball, 9LS)
Ryan Drake to third
Bob Hall to second
Runner from 3rd tries for Home, SAFE, throw made home
Bob Hall to third
Gabriel Santana to second
Batting: SHB Martín Medina 0-0: Ball
1-0: Called Strike
1-1: DOUBLE (Line Drive, 7D)
Bob Hall scores
Gabriel Santana scores
Pitching: RHP Octávio Morín
Batting: RHB José Pinto 0-0: Called Strike
0-1: Foul Ball, location: 2F
0-2: Ball
1-2: Foul Ball, location: 2F
1-2: Ground out 4-3 (Groundball, 4M)
Top of the 6th over - 3 run(s), 3 hit(s), 0 error(s), 1 left on base; Topeka 10 - Richmond 2
BOTTOM OF THE 6TH
Richmond Flairs batting - Pitching for Topeka Tornados : LHP Anthony Erickson
Batting: RHB Javier Rentería 0-0: Foul Ball, location: 2F
0-1: Ground out 4-3 (Groundball, 4)
Batting: RHB Jack Ray 0-0: Ball
1-0: Called Strike
1-1: Ball
2-1: Ball
3-1: Base on Balls
Batting: RHB R.J. Crosby 0-0: Foul Ball, location: 2F
0-1: Foul Ball, location: 2F
0-2: Ground out 6-3 (Groundball, 6)
Jack Ray to second
Batting: LHB Frank Geddes 0-0: Ball
1-0: SINGLE (Groundball, 15S) (infield hit)
Jack Ray to third
Batting: RHB Elliott Johnston 0-0: Ball
1-0: Called Strike
1-1: Swinging Strike
1-2: Strikes out looking
Bottom of the 6th over - 0 run(s), 1 hit(s), 0 error(s), 2 left on base; Topeka 10 - Richmond 2
TOP OF THE 7TH
Topeka Tornados batting - Pitching for Richmond Flairs : RHP Octávio Morín
Batting: LHB Morgan Wright 0-0: SINGLE (Line Drive, 6M)
Batting: RHB Alberto Campos 0-0: Called Strike
0-1: Ball
1-1: Ball
2-1: Ball
3-1: DOUBLE (Flyball, 78XD)
Morgan Wright to third
Batting: LHB Ryan Drake 0-0: Ball
1-0: Foul Ball, location: 2F
1-1: Ball
2-1: Called Strike
2-2: SINGLE (Groundball, 5S)
Morgan Wright scores
Alberto Campos to third
Runner from 3rd tries for Home, SAFE, no throw or cutoff
Batting: LHB Yoshiaki Ohayashi 0-0: Called Strike
0-1: Ball
1-1: SINGLE (Flyball, 7S)
Ryan Drake to second
Batting: RHB Bob Hall 0-0: Foul Ball, location: 2F
0-1: Bunted foul
0-2: Ball
1-2: Foul Ball, location: 2F
1-2: Ball
2-2: Foul Ball, location: 2F
2-2: Ball
3-2: Base on Balls
Ryan Drake to third
Yoshiaki Ohayashi to second
Batting: RHB Don Thomas 0-0: Called Strike
0-1: Called Strike
0-2: Ball
1-2: Strikes out swinging
Batting: RHB Gabriel Santana 0-0: Ball
1-0: Called Strike
1-1: Ball
2-1: Swinging Strike
2-2: Strikes out swinging
Batting: SHB Martín Medina 0-0: Called Strike
0-1: Foul Ball, location: 2F
0-2: Ball
1-2: SINGLE (Line Drive, 9S)
Ryan Drake scores
Yoshiaki Ohayashi to third
Bob Hall to second
Runner from 3rd tries for Home, SAFE, no throw or cutoff
Pitching: RHP Luis Bruno
Batting: RHB José Pinto 0-0: Fielders Choice at 2nd, 6-4 (Groundball, 6)
Top of the 7th over - 4 run(s), 5 hit(s), 0 error(s), 1 left on base; Topeka 14 - Richmond 2
BOTTOM OF THE 7TH
Richmond Flairs batting - Pitching for Topeka Tornados : LHP Anthony Erickson
Batting: LHB Sean Nicks 0-0: Called Strike
0-1: Called Strike
0-2: Ball
1-2: SINGLE (Line Drive, 34)
Batting: RHB Tom Carey 0-0: Swinging Strike
0-1: Ball
1-1: Swinging Strike
1-2: Ball
2-2: Ball
3-2: Strikes out swinging
Pitching: LHP Tommy Campbell
Batting: LHB Luis Villa 0-0: Called Strike
0-1: Ball
1-1: Ball
2-1: Swinging Strike
2-2: Fielders Choice at 2nd, 6-4 (Groundball, 6M)
Now at 2B: José González
Batting: SHB Carlos Reyes 0-0: Called Strike
Luis Villa steals 2nd base
0-1: Ground out 6-3 (Groundball, 6M)
Bottom of the 7th over - 0 run(s), 1 hit(s), 0 error(s), 1 left on base; Topeka 14 - Richmond 2
TOP OF THE 8TH
Topeka Tornados batting - Pitching for Richmond Flairs : RHP Luis Bruno
Batting: LHB Morgan Wright 0-0: SINGLE (Line Drive, 78S)
Batting: RHB Alberto Campos 0-0: Called Strike
0-1: DOUBLE (Line Drive, 7LM)
Morgan Wright to third
Batting: LHB Ryan Drake 0-0: Ball
1-0: Fly out, F5 (Popup, 5L)
Batting: LHB Yoshiaki Ohayashi 0-0: Ball
1-0: Ball
2-0: Ball
Wild Pitch!
Morgan Wright scores
Alberto Campos to third
3-0: Called Strike
3-1: Foul Ball, location: 2F
3-2: Ground out U3 (Groundball, 3)
Batting: RHB Bob Hall 0-0: Ball
1-0: Ball
2-0: DOUBLE (Flyball, 8RXD)
Alberto Campos scores
Batting: RHB Don Thomas 0-0: Ball
1-0: Called Strike
1-1: Ball
2-1: Ball
3-1: Base on Balls
Batting: RHB Gabriel Santana 0-0: Called Strike
0-1: Ball
1-1: Swinging Strike
1-2: Ball
2-2: Ball
3-2: Foul Ball, location: 2F
3-2: Ground out 1-3 (Groundball, 15S)
Top of the 8th over - 2 run(s), 3 hit(s), 0 error(s), 2 left on base; Topeka 16 - Richmond 2
BOTTOM OF THE 8TH
Richmond Flairs batting - Pitching for Topeka Tornados : LHP Tommy Campbell
Now at 3B: Armando Méndez
Batting: RHB Javier Rentería 0-0: Ball
1-0: Ball
2-0: Fly out, F8 (Flyball, 8RM)
Batting: RHB Jack Ray 0-0: Ball
1-0: Ball
2-0: Ball
3-0: Called Strike
3-1: Base on Balls
Batting: RHB R.J. Crosby 0-0: Ball
1-0: Grounds into double play, 3-6-3 (Groundball, 3)
Bottom of the 8th over - 0 run(s), 0 hit(s), 0 error(s), 0 left on base; Topeka 16 - Richmond 2
TOP OF THE 9TH
Topeka Tornados batting - Pitching for Richmond Flairs : RHP Luis Bruno
Batting: SHB Martín Medina 0-0: Fly out, F7 (Flyball, 7M)
Pinch Hitting: LHB Tom Robinson 0-0: Foul Ball, location: 2F
0-1: Swinging Strike
0-2: SINGLE (Groundball, 34D)
Batting: LHB Morgan Wright 0-0: Ball
1-0: Ball
Wild Pitch!
Tom Robinson to second
2-0: Ball
3-0: Base on Balls
Batting: RHB Alberto Campos 0-0: Called Strike
0-1: Ball
1-1: Ball
2-1: 3-RUN HOME RUN (Flyball, 9D), Distance : 370 ft
Pitching: LHP Takaaki Omori
Batting: LHB Ryan Drake 0-0: Fly out, F7 (Flyball, 7M)
Batting: LHB Yoshiaki Ohayashi 0-0: Called Strike
0-1: Swinging Strike
0-2: Ball
1-2: Ball
2-2: Ball
3-2: Foul Ball, location: 2F
3-2: Base on Balls
Batting: RHB Armando Méndez 0-0: Ball
1-0: Foul Ball, location: 2F
1-1: Fly out, F8 (Flyball, 89M)
Top of the 9th over - 3 run(s), 2 hit(s), 0 error(s), 1 left on base; Topeka 19 - Richmond 2
BOTTOM OF THE 9TH
Richmond Flairs batting - Pitching for Topeka Tornados : LHP Tommy Campbell
Now at 2B: Ramón Pérez
Batting: LHB Frank Geddes 0-0: Called Strike
0-1: Fly out, F8 (Flyball, 8LD)
Batting: RHB Elliott Johnston 0-0: Ball
1-0: Foul Ball, location: 2F
1-1: Ball
2-1: Called Strike
2-2: Ball
3-2: Strikes out swinging
Batting: LHB Sean Nicks 0-0: SOLO HOME RUN (Flyball, 89D), Distance : 370 ft
Batting: RHB Tom Carey 0-0: Fly out, F8 (Flyball, 8RM)
Bottom of the 9th over - 1 run(s), 1 hit(s), 0 error(s), 0 left on base; Topeka 19 - Richmond 3
Monday, December 5th, 2016 - OOTP Baseball 17.12 Build 75